 Dungeon Crawl Stone Soup version 0.19.5 (webtiles) character file.

249 tidbits the Slasher (level 5, -4/34 HPs)
             Began as a High Elf Skald on Nov 8, 2017.
             Was a Follower of Cheibriados.
             Shot with an arrow by a centaur (5 damage)
             ... on level 5 of the Dungeon.
             The game lasted 00:11:58 (1088 turns).

tidbits the Slasher (High Elf Skald)                Turns: 1088, Time: 00:11:59

Health: -4/34      AC:  4    Str: 14    XL:     5   Next: 87%
Magic:  6/9        EV: 10    Int: 17    God:    Cheibriados [*.....]
Gold:   137        SH: 11    Dex: 17    Spells: 3 memorised, 3 levels left

rFire  . . .     SeeInvis .     a - +0 falchion
rCold  . . .     Gourm    .     r - +0 leather armour (curse)
rNeg   . . .     Faith    .     D - +2 shield
rPois  .         Spirit   .     s - +0 helmet
rElec  .         Reflect  .     (no cloak)
rCorr  .         Harm     .     (no gloves)
MR     .....                    (no boots)
Stlth  +.........               (no amulet)
                                (no ring)
                                (no ring)

@: lethally poisoned (-4 -> -6), very slow
A: no striking features
a: Bend Time, Renounce Religion


You were on level 5 of the Dungeon.
You worshipped Cheibriados.
Cheibriados was aware of your devotion.
You were very hungry.

You visited 2 branches of the dungeon, and saw 6 of its levels.

You collected 137 gold pieces.

Inventory:

Hand Weapons
 a - a +0 falchion (weapon)
 o - a +0 hunting sling
   (You took it off a goblin on level 2 of the Dungeon)
Missiles
 f - 4 javelins (quivered)
 p - 24 stones
 u - 24 arrows
Armour
 g - a +0 shield
   (You found it on level 1 of the Dungeon)
 l - a +0 leather armour
 r - a cursed +0 leather armour (worn)
   (You found it on level 4 of the Dungeon)
 s - a +0 helmet (worn)
   (You found it on level 4 of the Dungeon)
 B - a +0 ring mail
   (You found it on level 1 of the Dungeon)
 D - a +2 shield (worn)
   (You found it on level 1 of the Dungeon)
Scrolls
 e - a scroll of random uselessness {unknown}
 h - a scroll of amnesia {unknown}
 k - a scroll of immolation
 m - a scroll of identify {unknown}
 q - a scroll of blinking {unknown}
 t - a scroll of recharging {unknown}
Books
 c - a book of Battle

   Spells                             Type                      Level
   a - Infusion                       Charms                       1
   b - Shroud of Golubria             Charms/Translocation         2
   c - Song of Slaying                Charms                       2
   d - Spectral Weapon                Hexes/Charms                 3
   e - Regeneration                   Charms/Necromancy            3
Comestibles
 d - 2 bread rations
 i - a royal jelly
 j - a slice of pizza
 n - 8 fruits


   Skills:
 - Level 2.0 Fighting
 + Level 5.4 Long Blades
 - Level 0.8 Armour
 - Level 2.1 Dodging
 + Level 3.0 Shields
 - Level 2.4 Spellcasting
 - Level 3.6 Charms
 + Level 1.2 Invocations


You had 3 spell levels left.
You knew the following spells:

 Your Spells              Type           Power        Failure   Level  Hunger
g - Shroud of Golubria    Chrm/Tloc      #.........   86%         2    ##.....
i - Infusion              Chrm           ##..         28%         1    #......
y - Song of Slaying       Chrm           ##......     38%         2    ##.....


Dungeon Overview and Level Annotations

Branches:
Dungeon (5/15)             Temple (1/1) D:4

Altars:
Ashenzari
Cheibriados
Dithmenos
Hepliaklqana

Annotations:
D:4 exclusion: orc wizard


Message History

You are poisoned.
The scorpion poisons you!
The crimson imp blinks!
The orc wizard hits you with a dagger.
You aren't carrying any potions.
Unknown command.
Okay, then.
Unknown command.
The flow of time bends around you.
Cheibriados rebukes the orc wizard.
The orc wizard seems to slow down.
Cheibriados rebukes the orc.
The orc seems to slow down.
Cheibriados rebukes the scorpion.
The scorpion seems to slow down.
Cheibriados rebukes the orc.
The orc seems to slow down.
You feel slightly more hungry.
You feel sick. You block the orc's attack. The scorpion stings you.
The orc hits you with a mace.
* * * LOW HITPOINT WARNING * * *
You hit the scorpion.
The scorpion is heavily wounded.
You feel sick.
The orc wizard hits you but does no damage.
The orc closely misses you.
You riposte.
You barely miss the orc. You hit the scorpion.
The scorpion is severely wounded.
The orc closely misses you. The scorpion closely misses you.
You riposte.
You hit the scorpion.
The scorpion is severely wounded.
The orc wizard hits you with a dagger.
* * * LOW HITPOINT WARNING * * *
You slash the scorpion!
You kill the scorpion!
Your life force feels restored.
Your Shields skill increases to level 3!
Your Invocations skill increases to level 1!
You feel sick. You block the orc's attack. The orc closely misses you.
You slash the orc wizard!
The orc wizard is heavily wounded.
The orc wizard points at you and mumbles some strange words.
The puff of flame misses you.
The puff of flame hits the orc.
The orc dies!
The crimson imp blinks!
You barely miss the orc wizard.
The orc wizard is heavily wounded.
You feel sick. You block the orc's attack.
The orc wizard gestures at you while chanting.
You are confused.
You aren't carrying any potions.
Unknown command.
Unknown command.
You're too confused to cast spells.
Unknown command.
In your confused state, you trip and fall down the stairs.
* * * LOW HITPOINT WARNING * * *
You climb downwards.
You feel sick. The jackal skeleton bites you.
* * * LOW HITPOINT WARNING * * *
The jackal skeleton closely misses you.
There is a stone staircase leading up here.
The orc is no longer moving slowly.
You miss the orc wizard.
The orc wizard is heavily wounded.
You feel sick.
The jackal skeleton bites you but does no damage.
The orc barely misses you.
The jackal skeleton bites you but does no damage.
The orc wizard points at you and mumbles some strange words.
You resist with some effort.
You miss the orc. The jackal skeleton barely misses you.
The orc hits you with a mace.
* * * LOW HITPOINT WARNING * * *
You feel less confused.
You feel sick. You block the orc's attack.
You block the jackal skeleton's attack.
You hit the orc wizard but do no damage.
The orc wizard is heavily wounded.
You block the orc's attack.
The jackal skeleton bites you but does no damage.
The orc wizard casts a spell at you. The magic dart hits you!
* * * LOW HITPOINT WARNING * * *
You aren't carrying any potions.
Unknown command.
Okay, then.
As you read the scroll labeled QOQADGH SAEGH, it crumbles to dust.
You feel strangely unstable.
It was a scroll of teleportation.
The jackal skeleton bites you but does no damage.
You block the orc's attack.
* * * LOW HITPOINT WARNING * * *
You feel sick.
The orc wizard is no longer moving slowly.
You block the jackal skeleton's attack.
A crimson imp comes into view.
Your surroundings suddenly seem different.
A crimson imp comes into view.
A centaur comes into view.
* * * LOW HITPOINT WARNING * * *
You feel sick.
The centaur wields a shortbow.
The centaur shoots an arrow.
The arrow hits you.
You die...

.#
###.#
..#.#
#.#c#
#.#.#
#5#.#
#.#.#
#.@.#
#####


You could see a centaur and a crimson imp (sleeping).

Vanquished Creatures
  A scorpion (D:4)
  An orc priest (D:3)
  An orc wizard (D:3)
  A worker ant (D:4)
  A hound zombie (D:4)
  3 adders (D:3)
  An ooze (D:1)
  A worm (D:4)
  2 dart slugs
  2 leopard geckos
  7 orcs
  6 giant cockroaches
  8 hobgoblins
  2 quokkas
  4 bats
  3 frilled lizards
  7 goblins
  6 kobolds
  4 rats
61 creatures vanquished.

Vanquished Creatures (others)
  An orc (D:4)
1 creature vanquished.

Grand Total: 62 creatures vanquished

Notes
Turn   | Place    | Note
-------+----------+-------------------------------------------
     0 | D:1      | tidbits the High Elf Skald began the quest for the Orb.
     0 | D:1      | Reached XP level 1. HP: 14/14 MP: 4/4
   169 | D:1      | Reached XP level 2. HP: 19/19 MP: 1/6
   173 | D:1      | Learned a level 2 spell: Song of Slaying
   176 | D:1      | Learned a level 2 spell: Shroud of Golubria
   187 | D:1      | Reached skill level 3 in Long Blades
   240 | D:1      | Reached skill level 2 in Dodging
   356 | D:1      | Reached XP level 3. HP: 20/24 MP: 7/7
   526 | D:2      | Reached skill level 1 in Shields
   611 | D:4      | Reached skill level 4 in Long Blades
   611 | D:4      | Reached XP level 4. HP: 9/29 MP: 8/8
   705 | D:4      | Found a staircase to the Ecumenical Temple.
   716 | D:4      | Reached skill level 2 in Shields
   728 | Temple   | Entered the Ecumenical Temple
   745 | Temple   | Became a worshipper of Cheibriados the Contemplative
   899 | D:3      | Reached XP level 5. HP: 22/34 MP: 5/9
   914 | D:3      | Reached skill level 5 in Long Blades
   921 | D:3      | Reached * piety under Cheibriados
   933 | D:3      | Found a hazy altar of Hepliaklqana.
  1060 | D:5      | Entered Level 5 of the Dungeon
  1074 | D:4      | Reached skill level 3 in Shields
  1074 | D:4      | Reached skill level 1 in Invocations
  1083 | D:5      | HP: 2/34 [orc wizard/magic dart (5)]
  1088 | D:5      | Noticed a centaur
  1088 | D:5      | HP: 1/34 [poisoned by a scorpion]
  1088 | D:5      | Shot with an arrow by a centaur

Skill      XL: |  1  2  3  4  5 |
---------------+----------------+-----
Long Blades    | 3 4 5 |  5.4
Dodging        | 2 |  2.1
Shields        | 1 2 3 |  3.0
Invocations    | 1 |  1.2
Fighting       | |  2.0
Armour         | |  0.8
Spellcasting   | |  2.4
Charms         | |  3.6

Action                   |  1- 3 |  4- 6 || total
-------------------------+-------+-------++-------
Melee: Falchion          |   106 |   101 ||   207
Throw: Javelin           |    18 |    17 ||    35
 Cast: Infusion          |     3 |     2 ||     5
Invok: Bend Time         |       |     2 ||     2
  Use: Potion            |     1 |     1 ||     2
       Scroll            |       |     2 ||     2
 Stab: Sleeping          |     1 |       ||     1
Armor: Leather armour    |     4 |    23 ||    27
       Ring mail         |    28 |     7 ||    35
Dodge: Dodged            |    39 |    41 ||    80
Block: Shield            |    49 |    59 ||   108
       Rpst.: Falchion   |    13 |    13 ||    26

Table legend:
 A = Turns spent in this place as a percentage of turns spent in the entire game.
 B = Non-inter-level travel turns spent in this place as a percentage of non-inter-level travel turns spent in the entire game.
 C = Inter-level travel turns spent in this place as a percentage of turns spent in this place.
 D = Turns resting spent in this place as a percentage of non-inter-level travel turns spent in this place.
 E = Turns spent auto-exploring this place as a percentage of non-inter-level travel turns spent in this place.
 F = Non-inter-level travel turns spent in this place divided by the number of levels of this place that you've seen.
                   A       B       C       D       E      F
               +-------+-------+-------+-------+-------+----------------------
         Total | 100.0 | 100.0 |   0.0 |   0.0 |   0.0 | 166.7
       Dungeon |  98.3 |  98.3 |   0.0 |   0.0 |   0.0 | 196.6
        Temple |   1.7 |   1.7 |   0.0 |   0.0 |   0.0 |  17.0
               +-------+-------+-------+-------+-------+----------------------

Table legend:
 A = Kills in this place as a percentage of kills in entire the game.
 B = Kills by you in this place as a percentage of kills by you in the entire game.
 C = Kills by friends in this place as a percentage of kills by friends in the entire game.
 D = Other kills in this place as a percentage of other kills in the entire game.
 E = Experience gained in this place as a percentage of experience gained in the entire game.
 F = Experience gained in this place divided by the number of levels of this place that you have seen.
                   A       B       C       D       E      F
               +-------+-------+-------+-------+-------+----------------------
         Total | 100.0 | 100.0 |  -nan |  -nan | 100.0 |  59.5
       Dungeon | 100.0 | 100.0 |  -nan |  -nan | 100.0 |  71.4
               +-------+-------+-------+-------+-------+----------------------

Vault maps used:
D:1:      lightli_arrival_statue_moat
D:2:      kb_forest_paths
D:3:      lemuel_doored_altar, minivault_26
D:4:      minmay_temple_entry_steel_oval, uniq_natasha
D:5:      first_bread
Temple:   nicolae_temple_elliptical
